 Dungeon Crawl Stone Soup version 0.28-a0-1545-g945cd3f27e (webtiles) character file.

Game seed: 2243042876003677503

679 BritishOli the Chopper (level 7, -7/54 HPs)
             Began as a Demonspawn Gladiator on Jan 18, 2022.
             Was an Initiate of Okawaru.
             Mangled by a two-headed ogre (23 damage)
             ... on level 5 of the Dungeon.
             The game lasted 00:04:47 (6271 turns).

BritishOli the Chopper (Demonspawn Gladiator)       Turns: 6271, Time: 00:04:53

Health: -7/54      AC: 11    Str: 16    XL:     7   Next: 34%
Magic:  7/7        EV: 13    Int:  9    God:    Okawaru [......]
Gold:   207        SH:  0    Dex: 15    Spells: 6/6 levels left

rFire   . . .      SeeInvis .   v - +2 hand axe (venom)
rCold   . . .      Faith    .   (no shield)
rNeg    . . .      Spirit   .   b - +0 leather armour
rPois   .          Reflect  .   c - +0 helmet
rElec   .          Harm     .   i - +0 cloak
rCorr   .          Rampage  .   (no gloves)
Will    .....                   (no boots)
Stlth   +.........              (no amulet)
HPRegen 0.18/turn               (no ring)
MPRegen 0.10/turn               (no ring)

@: sanguine armoured
A: claws 1, foul stench 1, sanguine armour 1
a: Renounce Religion


You were on level 5 of the Dungeon.
You worshipped Okawaru.
Okawaru was noncommittal.
You visited 2 branches of the dungeon, and saw 6 of its levels.

You collected 207 gold pieces.

Inventory:

Hand Weapons
 s - a +0 battleaxe
 v - a +2 hand axe of venom (weapon)
Missiles
 d - 3 throwing nets (quivered)
Armour
 b - a +0 leather armour (worn)
 c - a +0 helmet (worn)
 g - a scarf of harm
 i - a +0 cloak (worn)
Magical Staves
 o - a staff of conjuration
Jewellery
 y - a ring of resist corrosion
Scrolls
 a - a scroll of torment {unknown}
 e - 6 scrolls of identify {unknown}
 f - a scroll of acquirement {unknown}
 j - a scroll of noise {unknown}
 l - 4 scrolls of teleportation {unknown}
 r - 4 scrolls of enchant weapon {unknown}
 w - a scroll of silence {unknown}
 x - a scroll of fog {unknown}
 z - a scroll of enchant armour {unknown}
Potions
 h - a potion of degeneration {unknown}
 k - 2 potions of lignification {unknown}
 m - a potion of resistance {unknown}
 n - a potion of attraction {unknown}
 p - a potion of brilliance {unknown}
 q - a potion of mutation {unknown}
 t - a potion of magic {unknown}
 u - 2 potions of curing {unknown}


   Skills:
 + Level 4.0 Fighting
 + Level 4.2 Axes
 + Level 3.6 Throwing
 + Level 3.0 Armour
 + Level 4.2 Dodging


You had 6 spell levels left.
You didn't know any spells.
Your spell library contained the following spells:

 Spells                   Type           Power      Damage    Failure   Level
 Beastly Appendage        Tmut           0%         N/A       43%         1
 Wereblood                Tmut           0%         N/A       58%         2
 Ignite Poison            Fire/Tmut/Pois 0%         N/A       82%         3
 Mephitic Cloud           Conj/Pois/Air  0%         N/A       82%         3
 Spider Form              Tmut/Pois      0%         N/A       82%         3
 Passage of Golubria      Tloc           0%         N/A       99%         4
 Borgnjor's Vile Clutch   Necr/Erth      0%         N/A       100%        5
 Freezing Cloud           Conj/Ice/Air   0%         6-21      100%        5
 Yara's Violent Unravell  Hex/Tmut       0%         3d3       100%        5
 Tukima's Dance           Hex            Unusable   N/A       N/A         3
 Animate Dead             Necr           Unusable   N/A       N/A         4
 Death Channel            Necr           Unusable   N/A       N/A         6

Dungeon Overview and Level Annotations

Branches:
Dungeon (5/15)             Temple (1/1) D:4

Altars:
Cheibriados
Fedhas
Gozag
Hepliaklqana
Kikubaaqudgha
Makhleb
Okawaru
Qazlal
Ru
Sif Muna
Trog
Uskayaw
Vehumet
Wu Jian
Xom
Yredelemnul
Zin

Shops:
D:3 (

Annotations:
D:3 1 runed translucent door, Crazy Yiuf


Innate Abilities, Weirdness & Mutations

You have sharp fingernails.
You may rarely emit foul miasma when damaged in melee.
When seriously injured, your blood forms armour. (AC +6)


Message History

You open the door.
Found 5 silver boomerangs.
No target in view!
You open the door.
There is an open door here.
r - 4 scrolls labelled OJOADU ETIWN (gained 2)
There is an open door here.
Key pressed, stopping explore.
No target in view!
There is a stone staircase leading down here.
Found a dagger.
Found 12 stones.
No target in view!
z - a scroll labelled ZUWE HAMIE No target in view!
Found a stone staircase leading down.
No target in view!
There is a stone staircase leading down here.
Key pressed, stopping explore.
No target in view!
Found a stone staircase leading up.
No target in view!
A two-headed ogre comes into view.
It is wielding a +0 giant club and a +0 giant spiked club.
Found a stone staircase leading up.
You see here a scroll labelled XOJADO SYESET.
The two-headed ogre shouts in stereo!
A two-headed ogre is nearby!
A two-headed ogre is nearby!
You hit the two-headed ogre.
The two-headed ogre is poisoned.
The two-headed ogre is lightly wounded.
The two-headed ogre misses you.
The two-headed ogre hits you with a +0 giant spiked club!
There is a stone staircase leading up here.
The two-headed ogre looks more healthy.
The two-headed ogre hits you with a +0 giant club!!
Ouch! That really hurt!
* * * LOW HITPOINT WARNING * * *
Your blood congeals into armour.
The two-headed ogre hits you with a +0 giant spiked club!!
You die...

####### #...... #.....#
#....... #.....## #.......
#@.....# ##.......
#O.....###........
##.......##.#...... .#
#........#..#...... ..
#.................. #.##
#........?##....... ###
..# #.........####.....
..### #.###............#
#.....
...)#####.....#..........#
##....


You could see a two-headed ogre.

Vanquished Creatures
  An ogre (D:5)
  A phantom (D:5)
  A scorpion (D:5)
  3 hounds
  2 iguanas
  Natasha (thrice) (D:2)
  Terence (D:3)
  A hound zombie (D:5)
  A hound skeleton (D:5)
  7 gnolls
  4 adders
  A shadow imp (D:5)
  4 worms
  2 dart slugs
  An orc (D:4)
  9 endoplasms
  2 giant cockroaches
  2 goblins
  7 hobgoblins
  3 kobolds
  2 quokkas (D:3)
  10 ball pythons
  5 bats
  3 frilled lizards
  A quokka skeleton (D:4)
  4 rats
81 creatures vanquished.

Notes
Turn   | Place    | Note
-------+----------+-------------------------------------------
     0 | D:1      | BritishOli the Demonspawn Gladiator began the quest for the
                  | Orb.
     0 | D:1      | Reached XP level 1. HP: 16/16 MP: 1/1
   153 | D:1      | Found a faded altar of an unknown god.
   393 | D:1      | Gained mutation: When seriously injured, your blood forms
                  | armour. (AC +6) [demonic ancestry]
   393 | D:1      | Reached XP level 2. HP: 22/22 MP: 2/2
  1397 | D:2      | Gained mutation: You may rarely emit foul miasma when
                  | damaged in melee. [demonic ancestry]
  1397 | D:2      | Reached XP level 3. HP: 27/28 MP: 3/3
  1466 | D:2      | Reached skill level 1 in Armour
  1624 | D:2      | Noticed Natasha
  1635 | D:2      | Killed Natasha
  1871 | D:2      | Noticed Natasha
  1880 | D:2      | Killed Natasha
  1881 | D:2      | Reached XP level 4. HP: 14/34 MP: 4/4
  2338 | D:2      | Noticed Natasha
  2346 | D:2      | Killed Natasha
  3102 | D:3      | Found a runed translucent door.
  3103 | D:3      | Noticed Crazy Yiuf
  3292 | D:3      | Found Gibaures's Weapon Shop.
  3386 | D:3      | Noticed Terence
  3392 | D:3      | Killed Terence
  3393 | D:3      | Reached XP level 5. HP: 21/41 MP: 5/5
  4747 | D:4      | Reached XP level 6. HP: 45/47 MP: 6/6
  4770 | D:4      | Found an opulent altar of Gozag.
  5165 | D:4      | Found a staircase to the Ecumenical Temple.
  5174 | Temple   | Entered the Ecumenical Temple
  5182 | Temple   | Became a worshipper of Warmaster Okawaru
  5436 | D:5      | Entered Level 5 of the Dungeon
  5721 | D:5      | Gained mutation: You have sharp fingernails. [demonic
                  | ancestry]
  5721 | D:5      | Reached XP level 7. HP: 30/53 MP: 7/7
  6257 | D:5      | Noticed a two-headed ogre
  6271 | D:5      | Mangled by a two-headed ogre

Illustrated notes

Levels and vault maps discovered:
D:1:      dpeg_arrival_central, layout_basic,
          shapermc_ecumenical_altar_starsandcircs
D:2:      layout_loops_ring, uniq_natasha
D:3:      layout_loops_corners, serial_shops, nicolae_shop_bloodbath_and_beyond,
          uniq_terence, uniq_crazy_yiuf_cottage
D:4:      layout_basic, grunt_gozag_statues, minmay_temple_entry_statues_pillars
D:5:      layout_cave_pods, kennysheep_mini_moat,
          minmay_fractal_squares_diagonal_5
Temple:   nicolae_temple_x_marks_the_god

Skill      XL: |  1  2  3  4  5  6  7 |
---------------+----------------------+-----
Throwing       | 2 3 |  3.6
Armour         | 1 2 3 |  3.0
Dodging        | 3 4 |  4.2
Axes           | 3 4 |  4.2
Fighting       | 3 4 |  4.0

Action                   |  1- 3 |  4- 6 |  7- 9 || total
-------------------------+-------+-------+-------++-------
Melee: War axe           |    66 |    29 |       ||    95
       Punch             |     1 |       |       ||     1
       Battleaxe         |       |    28 |       ||    28
       Hand axe          |       |   108 |    29 ||   137
 Stab: Sleeping          |       |     3 |       ||     3
Armor: Leather armour    |    28 |    32 |    13 ||    73
Dodge: Dodged            |    41 |   113 |    13 ||   167
Block: Buckler           |       |     4 |       ||     4

Table legend: (Time is in decaauts)
 A = Elapsed time spent in this place.
 B = Non-inter-level travel time spent in this place.
 C = Inter-level travel time spent in this place.
 D = Time resting spent in this place.
 E = Time spent auto-exploring this place.
 F = Levels seen in this place.
 G = Mean time per level.
                   A        B        C        D        E       F      G
               +--------+--------+--------+--------+--------+-----+--------+
         Total |   6346 |   6064 |    282 |    746 |   4571 |   6 | 1057.7 |
       Dungeon |   6288 |   6014 |    274 |    746 |   4532 |   5 | 1257.6 |
        Temple |     58 |     50 |      8 |      0 |     39 |   1 |   58.0 |
               +--------+--------+--------+--------+--------+-----+--------+

Top non-repeatable levels by time:
     D:3: 1804 daAuts
     D:2: 1456 daAuts
     D:1: 1127 daAuts
     D:4: 1058 daAuts
     D:5: 841 daAuts
  Temple: 58 daAuts
